 Dungeon Crawl Stone Soup version 0.21.1-1-g345015fe64 (webtiles) character file.

5968 Henning the Fighter (level 10, -14/68 HPs)
             Began as a Gargoyle Berserker on July 19, 2018.
             Was an Elder of Trog.
             Demolished by a two-headed ogre
             ... wielding a +0 dire flail
              (17 damage)
             ... on level 8 of the Dungeon.
             The game lasted 00:22:21 (8645 turns).

Henning the Fighter (Gargoyle Berserker)            Turns: 8645, Time: 00:22:23

Health: -14/68     AC: 23    Str: 31    XL:     10   Next: 84%
Magic:  0/10       EV:  9    Int:  7    God:    Trog [****..]
Gold:   396        SH:  0    Dex:  7    Spells: 9/9 levels left

rFire    . . .     SeeInvis .   D - +0 morningstar
rCold    . . .     Gourm    .   (no shield)
rNeg     + . .     Faith    .   t - +0 chain mail
rPois    ∞         Spirit   .   (no helmet)
rElec    +         Reflect  .   q - +0 cloak
rCorr    .         Harm     .   z - +2 pair of gloves
MR       .....                  (no boots)
Stlth    ..........             (no amulet)
HPRegen  0.21/turn              n - +4 ring of strength
MPRegen  0.12/turn              f - ring of Desertification {rPois Str+4 Dex-4 Stlth+}

@: berserk cooldown, slowed, very slow
A: negative energy resistance 1, electricity resistance, unbreathing,
petrification resistance, rot immunity, AC +7
a: Berserk, Trog's Hand, Brothers in Arms, Burn Spellbooks, Renounce Religion


You were on level 8 of the Dungeon.
You worshipped Trog.
Trog was greatly pleased with you.
You were hungry.

You visited 1 branch of the dungeon, and saw 8 of its levels.

You collected 396 gold pieces.

Inventory:

Hand Weapons
 D - a +0 morningstar (weapon)
Armour
 q - a +0 cloak (worn)
 t - a +0 chain mail (worn)
 z - a +2 pair of gloves (worn)
 C - a +0 plate armour
Jewellery
 f - the ring of Desertification (right hand) {rPois Str+4 Dex-4 Stlth+}
   (You found it on level 6 of the Dungeon)

   [ring of poison resistance]

   It affects your strength (+4).
   It affects your dexterity (-4).
   It protects you from poison.
   It makes you more stealthy.
 n - a +4 ring of strength (left hand)
 w - an uncursed ring of protection from cold
 F - an uncursed ring of protection from fire
Wands
 m - a wand of disintegration (9)
 v - a wand of flame (31)
 B - a wand of enslavement (15)
Scrolls
 b - a scroll of fog {unknown}
 d - 6 scrolls of teleportation
 g - 2 scrolls of magic mapping {unknown}
 h - 2 scrolls of fear {unknown}
 l - 3 scrolls of remove curse
 o - a scroll of immolation {unknown}
 p - a scroll of amnesia {unknown}
 x - a scroll of noise {unknown}
 y - a scroll of random uselessness {unknown}
 G - a scroll of blinking {unknown}
Potions
 e - a potion of curing
 i - 2 potions of cancellation
 j - 2 potions of heal wounds
 k - a potion of brilliance
 r - a potion of flight
 s - a potion of lignification
 u - a potion of ambrosia
 A - a potion of might
 E - a potion of invisibility
Comestibles
 c - 17 rations


   Skills:
 + Level 10.6 Fighting
 + Level 9.7 Maces & Flails
 + Level 10.2 Armour
 - Level 2.0 Dodging


You had 9 spell levels left.
You didn't know any spells.

Dungeon Overview and Level Annotations

Branches:
Dungeon (8/15)             Temple (0/1) D:5
   Lair: D:8-11

Altars:
Cheibriados
Kikubaaqudgha
Nemelex Xobeh
Qazlal
Ru
Uskayaw
Wu Jian
Xom
Yredelemnul
Zin
The Shining One

Shops:
D:4 *


Innate Abilities, Weirdness & Mutations

You are resistant to torment.
Your stone body is resilient. (AC +7)
You are immune to poison.
You resist negative energy. (rN+)
You are resistant to electric shocks. (rElec)
You can survive without breathing.
You are immune to petrification.
You are immune to rotting.


Message History

The two-headed ogre barely misses you.
You barely miss the two-headed ogre.
The two-headed ogre is severely wounded.
The two-headed ogre hits you but does no damage. x2
The eye of draining gazes at you.
You feel your power leaking away.
You closely miss the two-headed ogre.
The two-headed ogre is severely wounded.
The two-headed ogre hits you with a dire flail!
* * * LOW HITPOINT WARNING * * *
The two-headed ogre closely misses you. The eye of draining gazes at you.
You feel your power leaking away.
You puncture the two-headed ogre!
The two-headed ogre is severely wounded.
The two-headed ogre closely misses you.
The two-headed ogre hits you with a giant club.
* * * LOW HITPOINT WARNING * * *
The two-headed ogre hits you with a dire flail!
You die...

##### ### #... ..#
###.### #.# ###
######.....# #.# #..
#GlO@......####.###.#
#.####.#.............
#.# #..........###..
#.# #.#....##### #..
#W# #.##..## #..
######.## #.##..# ##.
#.W..yy.# #.....# #.
#.##.#.## ####'## #.
#..##### ##...## #.


You could see a two-headed ogre, an eye of draining and a leopard gecko.

Vanquished Creatures
  A two-headed ogre (D:6)
  The ghost of Schimscham the Conjurer, a novice DsFE of Kikubaaqudgha (D:8)
  Pikel (D:5)
  Maurice (D:8)
  Joseph (D:8)
  The ghost of WBergamot the Chopper, a novice HOMo of Beogh (D:4)
  A troll (D:8)
  A hornet (D:8)
  Grinder (D:3)
  Prince Ribbit (D:5)
  2 hippogriffs
  The ghost of rOOCKER the Covered, an amateur HOFi (D:3)
  A wraith (D:8)
  Eustachio (D:5)
  A hungry ghost (D:7)
  A sky beast (D:7)
  2 orc warriors (D:7)
  A slave (D:5)
  2 ogres
  A phantom (D:8)
  2 centaurs
  Blork the orc (D:6)
  A bullfrog (D:7)
  A scorpion (D:4)
  A killer bee (D:8)
  A howler monkey (D:5)
  2 crimson imps
  4 hounds
  2 orc wizards (D:7)
  Crazy Yiuf (D:5)
  A centaur skeleton (D:5)
  2 iguanas
  9 worker ants
  8 adders
  A shadow imp (D:8)
  An adder skeleton (D:4)
  An adder zombie (D:6)
  4 worms
  3 dart slugs
  4 leopard geckos
  21 orcs
  A giant cockroach (D:2)
  5 goblins
  6 hobgoblins
  20 jackals
  4 kobolds
  A quokka (D:4)
  10 bats
  3 frilled lizards
  A quokka skeleton (D:4)
  7 rats
152 creatures vanquished.

Vanquished Creatures (others)
  A bullfrog skeleton (D:5)
  A leopard gecko (D:5)
  2 jackals (D:5)
4 creatures vanquished.

Grand Total: 156 creatures vanquished

Notes
Turn   | Place    | Note
-------+----------+-------------------------------------------
     0 | D:1      | Henning the Gargoyle Berserker began the quest for the Orb.
     0 | D:1      | Reached XP level 1. HP: 14/14 MP: 1/1
   185 | D:1      | Reached XP level 2. HP: 8/19 MP: 2/2
  1132 | D:1      | Reached XP level 3. HP: 24/24 MP: 3/3
  1271 | D:2      | Found a sparkling altar of Nemelex Xobeh.
  1436 | D:2      | Reached ** piety under Trog
  1513 | D:2      | Found an ancient bone altar of Kikubaaqudgha.
  1520 | D:2      | Reached XP level 4. HP: 29/29 MP: 4/4
  1697 | D:3      | Noticed rOOCKER's ghost (amateur HOFi)
  1739 | D:3      | Killed rOOCKER's ghost
  1739 | D:3      | Reached XP level 5. HP: 3/34 MP: 5/5
  2175 | D:3      | Noticed Grinder
  2179 | D:3      | Paralysed by Grinder for 7 turns
  2484 | D:3      | Paralysed by Grinder for 5 turns
  2518 | D:3      | Killed Grinder
  2518 | D:3      | Reached skill level 5 in Fighting
  2518 | D:3      | Reached XP level 6. HP: 20/40 MP: 6/6
  3108 | D:4      | Reached XP level 7. HP: 44/44 MP: 7/7
  3319 | D:4      | Reached skill level 5 in Maces & Flails
  3341 | D:4      | Noticed WBergamot's ghost (novice HOMo)
  3383 | D:4      | Killed WBergamot's ghost
  3383 | D:4      | Reached skill level 5 in Armour
  3439 | D:4      | Found Samimam's General Store.
  3493 | D:4      | Found a basalt altar of Yredelemnul.
  3493 | D:4      | Found a sacrificial altar of Ru.
  3493 | D:4      | Found a shimmering altar of Xom.
  3496 | D:4      | Reached XP level 8. HP: 34/52 MP: 8/8
  3889 | D:4      | Found an ornate altar of the Wu Jian Council.
  3889 | D:4      | Found a stormy altar of Qazlal.
  3890 | D:4      | Found a glowing silver altar of Zin.
  3893 | D:4      | Found a snail-covered altar of Cheibriados.
  4062 | D:4      | Found a glowing golden altar of the Shining One.
  4064 | D:4      | Found a hide-covered altar of Uskayaw.
  4098 | D:4      | Paralysed by fainting for 6 turns
  4112 | D:4      | Paralysed by fainting for 10 turns
  4195 | D:5      | Entered Level 5 of the Dungeon
  4208 | D:5      | Noticed Pikel
  4227 | D:5      | Killed Pikel
  4423 | D:5      | Noticed Prince Ribbit
  4452 | D:5      | Found a staircase to the Ecumenical Temple.
  4455 | D:5      | Killed Prince Ribbit
  4778 | D:5      | Reached XP level 9. HP: 57/58 MP: 9/9
  4971 | D:5      | Noticed Eustachio
  5014 | D:5      | Killed Eustachio
  5053 | D:5      | Found a runed door.
  5096 | D:5      | Noticed Crazy Yiuf
  5103 | D:5      | Killed Crazy Yiuf
  5670 | D:6      | Noticed a two-headed ogre
  5848 | D:6      | Killed a two-headed ogre
  6089 | D:6      | Noticed Blork the orc
  6105 | D:6      | Killed Blork the orc
  6105 | D:6      | Reached *** piety under Trog
  6288 | D:6      | Got a faintly glowing lapis lazuli ring
  6907 | D:7      | Identified the ring of Desertification {rPois Str+4 Dex-4 Stlth+} (You found it on level 6 of the Dungeon)
  6989 | D:7      | Reached XP level 10. HP: 64/66 MP: 10/10
  7360 | D:7      | HP: 1/67 [ogre/giant spiked club (8)]
  7811 | D:8      | Noticed Joseph
  7823 | D:8      | Killed Joseph
  7969 | D:8      | Noticed Schimscham's ghost (novice DsFE)
  7981 | D:8      | Killed Schimscham's ghost
  7981 | D:8      | Reached skill level 10 in Fighting
  8232 | D:8      | Reached **** piety under Trog
  8331 | D:8      | Noticed Maurice
  8357 | D:8      | Killed Maurice
  8357 | D:8      | Reached skill level 10 in Armour
  8590 | D:8      | Noticed a two-headed ogre
  8645 | D:8      | HP: 3/68 [two-headed ogre/dire flail (5)]
  8645 | D:8      | Demolished by a two-headed ogre

Skill      XL: |  1  2  3  4  5  6  7  8  9 10 |
---------------+-------------------------------+-----
Dodging        | 2 |  2.0
Armour         | 3 4 5 7 8 10 | 10.2
Fighting       | 4 5 6 7 9 10 | 10.6
Maces & Flails | 4 5 7 8 9 |  9.7

Action                   |  1- 3 |  4- 6 |  7- 9 | 10-12 || total
-------------------------+-------+-------+-------+-------++-------
Melee: Mace              |   100 |   118 |   459 |    16 ||   693
       Morningstar       |       |       |       |   175 ||   175
Invok: Berserk           |       |       |     2 |     1 ||     3
  Use: Scroll            |       |       |     8 |     3 ||    11
 Stab: Distracted        |       |       |     1 |       ||     1
  Eat: Chunk             |     2 |     2 |    11 |     7 ||    22
       Ration            |       |     1 |     1 |     1 ||     3
Armor: Animal skin       |    21 |       |       |       ||    21
       Scale mail        |    39 |    43 |       |       ||    82
       Chain mail        |       |    47 |   375 |   137 ||   559
Dodge: Dodged            |    67 |    72 |   237 |    72 ||   448
